 Dungeon Crawl Stone Soup version 0.26-a0-466-g989023bd0d (webtiles) character file.

Game seed: 4063256336979669689

520 vurker the Chiller (level 7, 0/45 HPs)
             Began as an Octopode Ice Elementalist on Aug 5, 2020.
             Slain by a bullfrog skeleton (5 damage)
             ... on level 4 of the Dungeon.
             The game lasted 00:04:55 (4501 turns).

vurker the Chiller (Octopode Ice Elementalist)      Turns: 4501, Time: 00:04:55

Health: 0/45       AC:  3    Str:  8    XL:     7   Next: 21%
Magic:  8/13       EV: 13    Int: 19    God:
Gold:   174        SH:  0    Dex: 12    Spells: 2/14 levels left

rFire    . . .     SeeInvis .   k - +0 short sword
rCold    . . .     Faith    .   (no shield)
rNeg     . . .     Spirit   .   p - +2 hat
rPois    .         Reflect  .   (no amulet)
rElec    .         Harm     .   (no ring)
rCorr    .                      (no ring)
MR       .....                  (no ring)
Stlth    +++.......             (no ring)
HPRegen  0.15/turn              (no ring)
MPRegen  0.13/turn              (no ring)
                                (no ring)
                                (no ring)

@: lethally poisoned (0 -> -2)
A: almost no armour, stealthy swim, amphibious, 8 rings, constrict 8, camouflage
1, gelatinous body 1
a: no special abilities


You were on level 4 of the Dungeon.
You visited 1 branch of the dungeon, and saw 4 of its levels.

You collected 174 gold pieces.

Inventory:

Hand Weapons
 k - a +0 short sword (weapon)
   (You took it off Terence on level 2 of the Dungeon)
Armour
 p - a +2 hat (worn)
   (You found it on level 3 of the Dungeon)
Jewellery
 d - an uncursed amulet of regeneration {unknown}
   (You found it on level 1 of the Dungeon)
Scrolls
 a - a scroll of enchant weapon {unknown}
 h - a scroll of magic mapping {unknown}
 j - a scroll of teleportation {unknown}
 l - 2 scrolls of immolation {unknown}
 q - 2 scrolls of identify {unknown}
Potions
 b - a potion of resistance {unknown}
 c - 6 potions of curing {unknown}
 e - 3 potions of heal wounds {unknown}
 f - 3 potions of cancellation {unknown}
 g - a potion of haste {unknown}
 i - 2 potions of stabbing {unknown}
 m - a potion of degeneration {unknown}
 n - 3 potions of brilliance {unknown}
 o - a potion of might {unknown}
 r - 2 potions of lignification {unknown}


   Skills:
 + Level 2.5 Fighting
 - Level 2.0 Dodging
 - Level 2.6 Stealth
 * Level 4.2 Spellcasting
 * Level 2.4 Conjurations
 * Level 1.8 Summonings
 * Level 5.7 Ice Magic


You had 2 spell levels left.
You knew the following spells:

 Your Spells              Type           Power        Failure   Level
a - Freeze                Ice            ####         1%          1
b - Frozen Ramparts       Ice            ####..       3%          3
c - Hailstorm             Conj/Ice       ###.....     26%         4
d - Summon Ice Beast      Ice/Summ       ###.....     28%         4

Your spell library contained the following spells:

 Spells                   Type           Power        Failure   Level
 Ozocubu's Armour         Ice            ####....     3%          3


Dungeon Overview and Level Annotations

Branches:
Dungeon (4/15)             Temple (0/1) D:4

Altars:
Cheibriados
Fedhas
Kikubaaqudgha
Ru
Trog

Annotations:
D:3 Grinder


Innate Abilities, Weirdness & Mutations

You cannot wear most types of armour.
You are very stealthy in the water. (Stealth+)
You are amphibious.
You can wear up to eight rings at the same time.
You can use your tentacles to constrict eight enemies at once.
Your skin changes colour to match your surroundings (Stealth+).
Your rubbery body absorbs attacks. (AC +1, EV +1)


Message History

The wall freezes the howler monkey.
The howler monkey hoots and howls with incredible vigour!
The wall freezes the ogre.
The wall freezes the howler monkey.
The howler monkey hoots and howls with incredible vigour!
Found a scroll labeled WETI ZIETAANI.
The wall freezes the howler monkey.
The howler monkey hoots and howls with incredible vigour!
Found a small cabochon amulet.
The wall freezes the howler monkey.
The frozen ramparts melt away.
A worker ant comes into view.
The howler monkey hoots and howls with incredible vigour!
The worker ant twitches its antennae in your direction.
The howler monkey hoots and howls with incredible vigour!
The walls around you are covered in ice.
The wall freezes the worker ant.
The worker ant bites you.
* * * LOW HITPOINT WARNING * * *
You are poisoned.
The worker ant poisons you!
The bullfrog skeleton resists.
The wall freezes the bullfrog skeleton.
The wall freezes the ogre.
The ogre barely misses you.
You feel sick.
The wall freezes the worker ant.
The worker ant barely misses you.
The wall freezes the ogre.
The howler monkey hoots and howls with incredible vigour!
The bullfrog skeleton completely resists.
The wall freezes the bullfrog skeleton but do no damage.
The wall freezes the worker ant.
The worker ant bites you.
* * * LOW HITPOINT WARNING * * *
The bullfrog skeleton completely resists.
The wall freezes the bullfrog skeleton but do no damage.
The wall freezes the worker ant but do no damage.
The worker ant bites you but does no damage.
The wall freezes the ogre.
You kill the ogre!
You have reached level 7!
Unknown command.
Aim: a worker ant (heavily wounded)
You freeze the worker ant!
You feel sick.
The wall freezes the worker ant.
You kill the worker ant!
The bullfrog skeleton completely resists.
The wall freezes the bullfrog skeleton but do no damage.
You feel sick.
The howler monkey hoots and howls with incredible vigour!
The bullfrog skeleton completely resists.
The wall freezes the bullfrog skeleton but do no damage.
Found a shiny silver ring.
The frozen ramparts melt away.
The howler monkey hoots and howls with incredible vigour!
The bullfrog skeleton hits you.
You die...

# #..............# #
#..#.#.#.#.#...# ##
##...........).# ⌠#
#.#.......#.#.# .#
#.............## .#
##.#...>...#....
.###..............#
..#!..#.......#.#.#
..#....$......h.@<#
..#...#.#.#†#.#Z..#...
..#..?....)........#
..#...".........#..#
..#.....###........#
..#...... #..........
..#....#. #.....#...##
..#.... #.........#
..#.### #.....##..#


You could see a howler monkey (catching breath) and a bullfrog skeleton.

Vanquished Creatures
  Sigmund (D:4)
  An ogre (D:4)
  Natasha (thrice) (D:2)
  2 worker ants (D:4)
  Terence (D:2)
  A howler monkey skeleton (D:4)
  5 adders
  An ooze (D:2)
  2 dart slugs (D:3)
  2 worms
  3 leopard geckos
  10 orcs (D:3)
  4 giant cockroaches
  6 goblins
  4 hobgoblins
  4 jackals (D:3)
  A quokka (D:3)
  11 bats
  3 frilled lizards
  3 kobolds
  5 rats
73 creatures vanquished.

Notes
Turn   | Place    | Note
-------+----------+-------------------------------------------
     0 | D:1      | vurker the Octopode Ice Elementalist began the quest for
                  | the Orb.
     0 | D:1      | Reached XP level 1. HP: 11/11 MP: 3/3
   518 | D:1      | Reached XP level 2. HP: 18/18 MP: 3/5
   991 | D:2      | Found a sacrificial altar of Ru.
   991 | D:2      | Found an ancient bone altar of Kikubaaqudgha.
  1217 | D:2      | Reached XP level 3. HP: 22/22 MP: 6/6
  1222 | D:2      | Learned a level 3 spell: Frozen Ramparts
  1493 | D:2      | Reached skill level 1 in Fighting
  1558 | D:2      | Noticed Terence
  1567 | D:2      | Killed Terence
  2141 | D:2      | Noticed Natasha
  2144 | D:2      | Killed Natasha
  2144 | D:2      | Reached XP level 4. HP: 28/28 MP: 4/8
  2300 | D:2      | Noticed Natasha
  2305 | D:2      | Killed Natasha
  2406 | D:2      | Noticed Natasha
  2416 | D:2      | Killed Natasha
  2416 | D:2      | Reached skill level 5 in Ice Magic
  2416 | D:2      | Reached XP level 5. HP: 24/34 MP: 2/10
  2708 | D:3      | Learned a level 4 spell: Hailstorm
  2974 | D:3      | Found a snail-covered altar of Cheibriados.
  3386 | D:3      | Found a bloodstained altar of Trog.
  3410 | D:3      | Noticed Grinder
  3463 | D:3      | Reached skill level 1 in Conjurations
  3995 | D:4      | Found a blossoming altar of Fedhas.
  4009 | D:4      | Reached XP level 6. HP: 25/39 MP: 7/11
  4125 | D:4      | Learned a level 4 spell: Summon Ice Beast
  4322 | D:4      | Noticed Sigmund
  4339 | D:4      | Killed Sigmund
  4339 | D:4      | Reached skill level 1 in Summonings
  4466 | D:4      | Found a staircase to the Ecumenical Temple.
  4496 | D:4      | Reached XP level 7. HP: 7/45 MP: 8/13
  4501 | D:4      | Slain by a bullfrog skeleton

Illustrated notes

Levels and vault maps discovered:
D:1:      matt_arrival_los_fun, layout_basic
D:2:      layout_basic, chequers_temple_overflow_statue_of_worship,
          uniq_natasha, uniq_terence
D:3:      layout_basic, kennysheep_slug_shrine, bloody_trog, uniq_grinder
D:4:      kennysheep_spiral_hall, layout_basic, fedhas_altar_2,
          minmay_temple_entry_glass, cheibrodos_sewer_entry_bend, uniq_sigmund

Skill      XL: |  1  2  3  4  5  6 |
---------------+-------------------+-----
Fighting       | 1 2 |  2.5
Spellcasting   | 3 4 |  4.2
Ice Magic      | 5 |  5.7
Conjurations   | 1 2 |  2.4
Summonings     | 1 |  1.8
Dodging        | |  2.0
Stealth        | |  2.6

Action                   |  1- 3 |  4- 6 |  7- 9 || total
-------------------------+-------+-------+-------++-------
Melee: Unarmed           |    34 |       |       ||    34
       Constrict         |    15 |    17 |       ||    32
       Tentacles         |     9 |     7 |       ||    16
       Short sword       |     7 |    64 |       ||    71
 Cast: Freeze            |    23 |    15 |     1 ||    39
       Frozen Ramparts   |     1 |    12 |       ||    13
 Stab: Sleeping          |    11 |     5 |       ||    16
       Distracted        |     1 |       |       ||     1
Armor: Skin              |     5 |    10 |       ||    15
Dodge: Dodged            |    27 |    63 |       ||    90

Table legend: (Time is in decaauts)
 A = Elapsed time spent in this place.
 B = Non-inter-level travel time spent in this place.
 C = Inter-level travel time spent in this place.
 D = Time resting spent in this place.
 E = Time spent auto-exploring this place.
 F = Levels seen in this place.
 G = Mean time per level.
                   A        B        C        D        E       F      G
               +--------+--------+--------+--------+--------+-----+--------+
         Total |   4506 |   4363 |    143 |      0 |   3839 |   4 | 1126.5 |
       Dungeon |   4506 |   4363 |    143 |      0 |   3839 |   4 | 1126.5 |
               +--------+--------+--------+--------+--------+-----+--------+

Top non-repeatable levels by time:
     D:2: 1738 daAuts
     D:3: 1290 daAuts
     D:1: 953 daAuts
     D:4: 525 daAuts
